 Dungeon Crawl Stone Soup version 0.29.0-4-gdea44cf6ec (webtiles) character file.

Game seed: 14952155348226976533

36 qw the Chopper (level 3, -3/21 HPs)
             Began as a Tengu Warper on Aug 28, 2022.
             Slain by a gnoll
             ... wielding a +0 flail
              (10 damage)
             ... on level 2 of the Dungeon.
             The game lasted 00:00:06 (1461 turns).

qw the Chopper (Tengu Warper)                       Turns: 1461, Time: 00:00:07

Health: -3/21      AC:  3    Str: 13    XL:     3   Next: 37%
Magic:  7/7        EV: 12    Int: 13    God:
Gold:   83         SH:  0    Dex: 13    Spells: 6/6 levels left

rFire   . . .      SeeInvis .   h - +0 war axe
rCold   . . .      Faith    .   (no shield)
rNeg    . . .      Spirit   .   b - +0 leather armour
rPois   .          Reflect  .   (helmet restricted)
rElec   .          Harm     .   (no cloak)
rCorr   .          Rampage  .   (no gloves)
Will    .....                   (boots unavailable)
Stlth   +.........              (no amulet)
HPRegen 0.07/turn               (no ring)
MPRegen 0.10/turn               (no ring)

@: no status effects
A: beak, talons 3
a: no special abilities


You were on level 2 of the Dungeon.
You visited 1 branch of the dungeon, and saw 2 of its levels.

You collected 83 gold pieces.


Innate Abilities, Weirdness & Mutations

You have a beak for a mouth.
You have claws for feet.


   Skills:
 - Level 2.0 Fighting
 + Level 4.1 Axes
 - Level 1.0 Throwing
 - Level 1.1 Armour
 - Level 2.1 Dodging
 - Level 2.0 Spellcasting
 - Level 2.4 Translocations


You had 6 spell levels left.
You didn't know any spells.
Your spell library contained the following spells:

 Spells                   Type           Power      Damage    Failure   Level
 Blink                    Tloc           14%        N/A       19%         2
 Gell's Gravitas          Tloc           7%         N/A       36%         3
 Lesser Beckoning         Tloc           7%         N/A       36%         3
 Teleport Other           Tloc           7%         N/A       36%         3
 Manifold Assault         Tloc           7%         N/A       98%         5

Inventory:

Hand Weapons
 c - a +0 whip
 h - a +0 war axe (weapon)
Missiles
 i - a boomerang (quivered)
Armour
 b - a +0 leather armour (worn)
 g - a +0 chain mail
Jewellery
 e - a ring of fire
Potions
 a - a potion of flight {unknown}
 f - a potion of brilliance {unknown}

Dungeon Overview and Level Annotations

Branches:
Dungeon (2/15)

Altars:


Message History

The ball python is severely wounded.
The ball python barely misses you. The ball python constricts you.
The ball python barely misses you. The ball python constricts you.
You closely miss the ball python. Your kick misses the ball python.
Your peck misses the ball python.
The ball python is severely wounded.
The ball python bites you but does no damage.
The ball python constricts you.
You slash the ball python!
You kill the ball python!
You start resting.
HP restored.
Found an Everburning Encyclopedia.
A gnoll comes into view.
It is wielding a +0 halberd. 2 gnolls come into view.
The gnoll shouts!
An endoplasm comes into view.
Found 9 gold pieces.
The endoplasm quivers.
Found a scale mail.
The gnoll hits you with a +0 halberd.
You closely miss the gnoll. You claw the gnoll.
The gnoll is moderately wounded.
The gnoll closely misses you.
You slash the gnoll! You claw the gnoll.
You kill the gnoll!
You barely miss the gnoll. The gnoll misses you.
The gnoll hits you from afar with a +0 spear.
The gnoll hits you with a +0 flail.
The gnoll hits you from afar with a +0 spear.
Your Axes skill increases to level 4!
You barely miss the gnoll. You hit the endoplasm. The gnoll misses you.
The gnoll hits you with a +0 flail. The endoplasm closely misses you.
You slash the endoplasm!
You kill the endoplasm!
You hit the gnoll. The gnoll hits you with a +0 flail!
You die...

#.# #.# ###########.#
#...........######+####
##.#########....!......
#.# #....##...........
#.# #....##...........
#.# #.[..####.........
#.# #.:..# #.@.......
#.# #....# #.g)......
#.# #....# #...g:....
##.###....####.........
#....).......+.........
######....####.........
#....# ####.$.###
#...)##### .[.#
#........#


You could see 2 gnolls.

Vanquished Creatures
  A gnoll (D:2)
  A dart slug (D:1)
  3 orcs (D:2)
  3 ball pythons
  3 endoplasms
  4 hobgoblins (D:1)
  3 kobolds (D:1)
  A frilled lizard (D:1)
  2 rats (D:1)
21 creatures vanquished.

Notes
Turn   | Place    | Note
-------+----------+-------------------------------------------
     0 | D:1      | qw the Tengu Warper began the quest for the Orb.
     0 | D:1      | Reached XP level 1. HP: 12/12 MP: 4/4
     0 | D:1      | 0 ||| qw: Version: 0.1-a-89-g26bdef1
     0 | D:1      | 0 ||| qw: Game counter: 173
     0 | D:1      | 0 ||| qw: Always use a shield: true
     0 | D:1      | 0 ||| qw: God list: Okawaru
     0 | D:1      | 0 ||| qw: Allow faded altars: false
     0 | D:1      | 0 ||| qw: Do Orc after D:15 true
     0 | D:1      | 0 ||| qw: Do second Lair branch before Depths: true
     0 | D:1      | 0 ||| qw: Lair rune preference: random
     0 | D:1      | 0 ||| qw: Plans: Normal
     0 | D:1      | 0 ||| PLANNING D:1-11
    86 | D:1      | HP: 3/12 [hobgoblin (3)]
   414 | D:1      | Reached XP level 2. HP: 17/17 MP: 6/6
   503 | D:1      | Reached skill level 3 in Axes
   685 | D:1      | 685 ||| Stepping ~*~*~tactically~*~*~ (stealth).
   686 | D:1      | 686 ||| Stepping ~*~*~tactically~*~*~ (stealth).
   718 | D:1      | 718 ||| Stepping ~*~*~tactically~*~*~ (stealth).
  1059 | D:1      | 1059 ||| READING scroll labelled GEMPAO PIPA.
  1060 | D:1      | 1060 ||| DROPPING scroll of blinking.
  1139 | D:2      | Reached XP level 3. HP: 21/21 MP: 7/7
  1145 | D:2      | HP: 3/21 [orc/+0 whip (4)]
  1405 | D:2      | 1405 ||| SWAPPING to +0 war axe.
  1406 | D:2      | 1406 ||| DROPPING +0 club.
  1407 | D:2      | 1407 ||| DROPPING +1 hand axe.
  1460 | D:2      | Reached skill level 4 in Axes
  1461 | D:2      | Slain by a gnoll

Levels and vault maps discovered:
D:1:      nicolae_arrival_washed_ashore, layout_basic, serial_forest,
          infiniplex_forest_corner_1, infiniplex_forest_zigzag_1,
          infiniplex_forest_clump_curved, infiniplex_forest_join,
          infiniplex_forest_straight_3, infiniplex_forest_lined_corner,
          infiniplex_forest_clump_cross, infiniplex_forest_end_3
D:2:      layout_basic, dreamdust_ecumenical_altar_drowned_temple

Skill      XL: |  1  2  3 |
---------------+----------+-----
Axes           | 3 4 |  4.1
Fighting       | |  2.0
Throwing       | |  1.0
Armour         | |  1.1
Dodging        | |  2.1
Spellcasting   | |  2.0
Translocations | |  2.4

Action                   || total
-------------------------++-------
Melee: Hand axe          ||    48
       Kick              ||    12
       Peck              ||    10
       War axe           ||     8
Throw: Boomerang         ||    11
  Use: Scroll            ||     1
Armor: Leather armour    ||     8
Dodge: Dodged            ||    25

Table legend:
 A = Non-vault XP
 B = Vault XP
 C = Vault XP percentage of total XP
 D = Non-vault monster count
 E = Vault monster count
 F = Vault count percentage of total count
                 A         B        C        D         E       F
            +---------+---------+-------+---------+---------+-------
      Total |      54 |       0 |   0.0 |      21 |       0 |   0.0
            +---------+---------+-------+---------+---------+-------
        D:1 |      28 |       0 |   0.0 |      15 |       0 |   0.0
        D:2 |      26 |       0 |   0.0 |       6 |       0 |   0.0
            +---------+---------+-------+---------+---------+-------
